 Dungeon Crawl Stone Soup version 0.24.0-1-gfbc8707122 (webtiles) character file.

Game seed: 7149376088389438619, levelgen mode: deterministic

7558 Mesmaeker13 the Fighter (level 10, -8/74 HPs)
             Began as a Demonspawn Gladiator on Oct 28, 2019.
             Was a Priest of Hepliaklqana.
             Mangled by a troll (9 damage)
             ... on level 9 of the Dungeon.
             The game lasted 00:15:54 (11612 turns).

Mesmaeker13 the Fighter (Demonspawn Gladiator)     Turns: 11612, Time: 00:15:54

Health: -8/74      AC: 16    Str: 21    XL:     10   Next: 96%
Magic:  15/15      EV: 12    Int: 10    God:    Hepliaklqana [***...]
Gold:   376        SH:  0    Dex: 16    Spells: 9/9 levels left

rFire    . . .     SeeInvis .   E - +2 long sword (freeze)
rCold    + . .     Gourm    .   (no shield)
rNeg     . . .     Faith    +   g - +0 scale mail {rC+}
rPois    .         Spirit   .   (helmet unavailable)
rElec    .         Reflect  .   c - +0 cloak
rCorr    .         Harm     .   l - +0 pair of gloves
MR       .....                  C - +2 pair of boots
Stlth    ..........             z - amulet of faith
HPRegen  0.22/turn              k - ring of wizardry
MPRegen  0.14/turn              v - ring of flight

@: mighty
A: reduced essence, horns 3, slimy green scales 1, demonic guardian 1
a: Recall Ancestor, Ancestor Identity, Transference, Renounce Religion, Evoke
Flight


You were on level 9 of the Dungeon.
You worshipped Hepliaklqana.
Hepliaklqana was most pleased with you.
You were not hungry.

You visited 1 branch of the dungeon, and saw 9 of its levels.
You also visited: Sewer.

You collected 593 gold pieces.
You spent 217 gold pieces at shops.

Inventory:

Hand Weapons
 y - a +3 shortbow
 E - a +2 long sword of freezing (weapon)
Missiles
 d - 5 throwing nets (quivered)
 j - 45 poisoned darts
 x - 7 boomerangs
 A - 6 datura-tipped darts
Armour
 c - a +0 cloak (worn)
 g - a +0 scale mail of cold resistance (worn)
 l - a +0 pair of gloves (worn)
 C - a +2 pair of boots (worn)
Jewellery
 k - a ring of wizardry (left hand)
 v - a ring of flight (right hand)
 z - an amulet of faith (around neck)
Wands
 b - a wand of iceblast (2)
Scrolls
 e - 6 scrolls of remove curse
 i - 2 scrolls of teleportation
 n - 2 scrolls of enchant armour
 o - a scroll of silence {unknown}
 p - a scroll of noise {unknown}
 q - 2 scrolls of fog
 s - a scroll of fear {unknown}
 t - a scroll of amnesia {unknown}
 B - a scroll of enchant weapon {unknown}
 D - a scroll of acquirement {unknown}
Potions
 a - a potion of magic {unknown}
 h - 10 potions of flight
 m - 3 potions of brilliance
 r - 2 potions of might
 u - 5 potions of haste {unknown}
 w - 3 potions of lignification {unknown}
Comestibles
 f - 6 rations
 F - 2 chunks of flesh


   Skills:
 + Level 9.0 Fighting
 + Level 8.5 Long Blades
 - Level 1.7 Throwing
 + Level 7.8 Armour
 - Level 3.0 Dodging
 + Level 7.6 Evocations


You had 9 spell levels left.
You didn't know any spells.
Your spell library was empty.

Dungeon Overview and Level Annotations

Branches:
Dungeon (9/15)             Temple (0/1) D:5             Orc (0/2) D:9
  Sewer (visited)
   Lair: D:8-11

Altars:
Ashenzari
Elyvilon
Hepliaklqana
Kikubaaqudgha
Qazlal
Sif Muna
Trog
Vehumet
Zin

Shops:
D:7 }   D:8 (   D:9 (

Annotations:
D:6 exclusion: oklob plant
D:9 3 runed translucent doors, CPrA's ghost, novice MiHu


Innate Abilities, Weirdness & Mutations

You have a pair of large horns on your head.
You are partially covered in slimy green scales. (AC +2)
A weak demonic guardian rushes to your aid.
Your life essence is reduced to manifest your ancestor. (-10% HP)


Message History

You hit the troll. You freeze the troll.
The troll is almost dead.
The troll bites you. The troll misses you. The troll closely misses you.
You slash the troll! You freeze the troll.
You kill the troll!
You barely miss the troll. Your headbutt misses the troll.
The troll closely misses you.
You riposte.
You barely miss the troll. The troll claws you but does no damage.
The troll claws you!
* * * LOW HITPOINT WARNING * * *
You hit the troll. You freeze the troll. You headbutt the troll!
The troll is heavily wounded.
The troll misses you. The troll claws you but does no damage.
The troll claws you.
* * * LOW HITPOINT WARNING * * *
You hit the troll. You freeze the troll.
The troll is severely wounded.
The troll bites you.
* * * LOW HITPOINT WARNING * * *
The troll claws you!
You die...

..#.#...............# #...##.# #
.(#.#..###..........# #...##.# #
..+.#..# #...####...# #...##.# #
..+....# #...# #...# #...##.# #
(.+....# #...# #...# #...##.####
..#....###...# #...###...##.....
.W#..........# #.........##.....
###..........####.........##.####
...............T@5.#####..##.# #
.............#####.# #.....# #
...........T.# #.### #..#..# #
............T# #...# #..#..# #
.............#####.#.###..#..## #
###.........T[................# #
#.......................[...#
#...........................#
#.............[.............#


You could see a troll and a friendly ufetubus.

Vanquished Creatures
  An iron troll (D:9)
  4 trolls (D:9)
  A slime creature (D:5)
  Eustachio (D:5)
  2 yaks (D:9)
  An orc warrior (D:7)
  2 ice beasts (D:8)
  A phantom (D:4)
  An ogre (D:5)
  3 centaurs
  2 big kobolds (D:5)
  2 bullfrogs
  A scorpion (D:5)
  3 electric eels (D:9)
  4 howler monkeys
  3 crimson imps
  3 jellies
  A bullfrog skeleton (D:6)
  2 hounds
  3 orc wizards
  2 centaur skeletons
  2 orc priests
  4 iguanas
  Ijyb (D:4)
  A merfolk siren (Sewer)
  5 worker ants
  A merfolk avatar (Sewer)
  A hound skeleton (D:8)
  A worker ant zombie (D:5)
  A howler monkey zombie (D:9)
  9 gnolls
  21 adders
  A river rat (Sewer)
  2 shadow imps
  9 oozes
  An adder skeleton (D:5)
  2 worms
  A dart slug (D:4)
  6 leopard geckos
  31 orcs
  3 ball pythons
  3 giant cockroaches
  7 goblins
  8 hobgoblins
  6 jackals (D:1)
  3 quokkas
  10 bats
  10 frilled lizards
  11 kobolds
  3 quokka skeletons
  34 rats
241 creatures vanquished.

Vanquished Creatures (collateral kills)
  4 trolls (D:9)
  A hippogriff (D:8)
  A yak (D:9)
  2 orc warriors
  An ogre (D:5)
  3 black bears
  5 centaurs
  4 big kobolds
  3 bullfrogs
  A water moccasin zombie (D:7)
  A scorpion (D:6)
  2 crimson imps
  An orc priest (D:8)
  2 hounds
  7 jellies (D:6)
  A bullfrog skeleton (D:6)
  An iguana (D:8)
  2 orc wizards
  3 worker ants
  A hound skeleton (D:7)
  A howler monkey zombie (D:7)
  2 gnolls (D:6)
  3 adders
  A shadow imp (D:6)
  9 oozes
  A leopard gecko (D:8)
  6 orcs
  2 giant cockroaches
  A quokka (D:5)
  A ball python (Sewer)
  A frilled lizard (Sewer)
  4 kobolds
  5 rats (Sewer)
83 creatures vanquished.

Vanquished Creatures (others)
  A wizard (D:3)
  3 battlemagi (D:9)
  6 fungi (D:6)
  10 toadstools (D:5)
20 creatures vanquished.

Grand Total: 344 creatures vanquished

Notes
Turn   | Place    | Note
-------+----------+-------------------------------------------
     0 | D:1      | Mesmaeker13 the Demonspawn Gladiator began the quest for
                  | the Orb.
     0 | D:1      | Reached XP level 1. HP: 16/16 MP: 1/1
   169 | D:1      | Gained mutation: You have a pair of small horns on your
                  | head. [demonic ancestry]
   169 | D:1      | Reached XP level 2. HP: 20/22 MP: 2/2
   579 | D:1      | Gained mutation: You have a pair of horns on your head.
                  | [demonic ancestry]
   579 | D:1      | Reached XP level 3. HP: 28/28 MP: 3/3
   959 | D:2      | Reached skill level 3 in Fighting
   959 | D:2      | Reached skill level 1 in Armour
   959 | D:2      | Gained mutation: You have a pair of large horns on your
                  | head. [demonic ancestry]
   959 | D:2      | Reached XP level 4. HP: 27/35 MP: 4/4
  1836 | D:3      | Reached XP level 5. HP: 35/41 MP: 5/5
  2065 | D:3      | Found a radiant altar of Vehumet.
  2065 | D:3      | Found a hazy altar of Hepliaklqana.
  2081 | D:3      | Found an ancient bone altar of Kikubaaqudgha.
  2081 | D:3      | Found a white marble altar of Elyvilon.
  2087 | D:3      | Found a glowing silver altar of Zin.
  2087 | D:3      | Found a shimmering blue altar of Sif Muna.
  2100 | D:3      | Became a worshipper of Hepliaklqana the Forgotten
  2128 | D:3      | Found a glowing drain.
  2153 | Sewer    | Entered a sewer
  2516 | Sewer    | Reached skill level 4 in Fighting
  2516 | Sewer    | Gained mutation: A weak demonic guardian rushes to your
                  | aid. [demonic ancestry]
  2516 | Sewer    | Reached XP level 6. HP: 21/43 MP: 6/6
  3181 | D:3      | Found a bloodstained altar of Trog.
  3182 | D:3      | Noticed a wizard
  3187 | D:3      | Killed a wizard
  3779 | D:4      | Reached * piety under Hepliaklqana
  4045 | D:4      | Noticed Ijyb
  4052 | D:4      | Killed Ijyb
  4052 | D:4      | Gained mutation: You are partially covered in slimy green
                  | scales. (AC +2) [demonic ancestry]
  4052 | D:4      | Reached XP level 7. HP: 47/49 MP: 7/7
  4053 | D:4      | Found a bloodstained altar of Trog.
  4053 | D:4      | Found a stormy altar of Qazlal.
  4228 | D:5      | Entered Level 5 of the Dungeon
  4238 | D:5      | Reached skill level 1 in Evocations
  4291 | D:5      | Found a staircase to the Ecumenical Temple.
  4388 | D:5      | Reached skill level 5 in Fighting
  4388 | D:5      | Reached skill level 5 in Long Blades
  5145 | D:5      | Reached XP level 8. HP: 24/56 MP: 8/10
  5421 | D:5      | Noticed a slime creature
  5441 | D:5      | Killed a slime creature
  6020 | D:6      | Reached skill level 6 in Fighting
  6143 | D:6      | Reached ** piety under Hepliaklqana
  6144 | D:6      | Remembered your ancestor Cihuaton as a battlemage
  6159 | D:6      | Reached skill level 5 in Armour
  6493 | D:6      | Reached XP level 9. HP: 49/63 MP: 12/12
  6495 | D:6      | Noticed Eustachio
  6782 | D:5      | Killed Eustachio
  6869 | D:6      | Reached skill level 5 in Evocations
  6888 | D:6      | Reached skill level 7 in Fighting
  7087 | D:6      | Noticed an oklob plant
  7336 | D:7      | Found Uhaaff's Gadget Boutique.
  8651 | D:8      | Reached XP level 10. HP: 66/72 MP: 14/14
  8760 | D:8      | Reached skill level 8 in Fighting
  9110 | D:8      | Found a shattered altar of Ashenzari.
  9327 | D:8      | Found Uzimn's Weapon Shoppe.
  9804 | D:8      | Reached *** piety under Hepliaklqana
 10083 | D:9      | Found Remoday's Antique Weapon Emporium.
 10083 | D:9      | Found a staircase to the Orcish Mines.
 10086 | D:9      | Bought a runed scimitar for 217 gold pieces
 10203 | D:9      | Found a runed translucent gate.
 10401 | D:9      | Found a runed translucent gate.
 10401 | D:9      | Found a runed translucent gate.
 10746 | D:9      | Noticed CPrA's ghost (novice MiHu)
 11573 | D:9      | Noticed an iron troll
 11587 | D:9      | Killed an iron troll
 11606 | D:9      | Reached skill level 9 in Fighting
 11612 | D:9      | HP: 1/74 [troll (6)]
 11612 | D:9      | Mangled by a troll

Levels and vault maps discovered:
D:1:      eino_arrival_cavern_c, layout_basic
D:2:      layout_basic, palyth_stone_intersect
D:3:      layout_loops_cross, grunt_temple_overflow_open, gup_sewer_entry_glass,
          first_ration, trog_wizard
D:4:      layout_loops_cross, gammafunk_temple_overflow_statue, uniq_ijyb
D:5:      cheibrodos_fertilizer, layout_basic, minmay_temple_entry_large_hall
D:6:      lemuel_slime, layout_rooms, uniq_eustachio
D:7:      layout_cave_pods, serial_shops, shop
D:8:      layout_cave_pods, serial_shops, shop_fountains, basic_altar
D:9:      lemuel_troll_bridge, layout_long_grid, orc_0_dummy,
          ebering_ghost_rock_garden, serial_shops, shop

Skill      XL: |  1  2  3  4  5  6  7  8  9 10 |
---------------+-------------------------------+-----
Long Blades    | 3 4 5 6 7 8 |  8.5
Dodging        | 3 |  3.0
Fighting       | 3 4 5 6 7 9 |  9.0
Armour         | 1 2 3 4 5 6 7 |  7.8
Evocations     | 2 4 6 7 |  7.6
Throwing       | |  1.7

Action                   |  1- 3 |  4- 6 |  7- 9 | 10-12 || total
-------------------------+-------+-------+-------+-------++-------
Melee: Long sword        |    67 |   236 |   291 |   113 ||   707
       Headbutt          |    12 |    34 |    90 |    30 ||   166
Throw: Throwing net      |       |       |     2 |       ||     2
Invok: Ancestor Life: Ba |       |       |     1 |       ||     1
       Recall Ancestor   |       |       |     3 |       ||     3
Evoke: Wand              |       |       |     3 |     6 ||     9
  Use: Scroll            |     3 |     6 |     3 |     2 ||    14
       Potion            |       |       |     1 |     2 ||     3
 Stab: Sleeping          |     1 |     1 |       |       ||     2
       Distracted        |       |     1 |     3 |     3 ||     7
  Eat: Chunk             |       |     4 |     8 |     9 ||    21
       Ration            |       |     2 |     2 |       ||     4
Armor: Leather armour    |    17 |     4 |       |       ||    21
       Scale mail        |       |   100 |   165 |    67 ||   332
Dodge: Dodged            |    52 |   134 |   181 |    80 ||   447
       Rpst.: Long sword |    16 |    45 |    50 |    13 ||   124
